 Dungeon Crawl Stone Soup version 0.28.0-53-g5a82cb258f (webtiles) character file.

Game seed: 10888802770422829920

271516 Peloso the Hoplite (level 19, -8/184 HPs)
             Began as a Minotaur Fighter on May 28, 2022.
             Was the Champion of Okawaru.
             Killed from afar by a starcursed mass (15 damage)
             ... with an accursed screaming
             ... on level 3 of the Abyss.
             The game lasted 02:03:05 (42002 turns).

Peloso the Hoplite (Minotaur Fighter)              Turns: 42002, Time: 02:03:05

Health: -8/184     AC: 40    Str: 30    XL:     19   Next: 45%
Magic:  20/20      EV: 13    Int:  9    God:    Okawaru [******]
Gold:   823        SH: 18    Dex: 13    Spells: 18/18 levels left

rFire   + + +      SeeInvis .   a - +10 long sword of the Unkillable {flame, *Corrode rElec rF+++ Str-2}
rCold   + + +      Faith    .   f - +2 kite shield {reflect}
rNeg    + . .      Spirit   .   M - +10 storm dragon scales "Itoneasa" {rElec rPois Stlth+}
rPois   +          Reflect  +   Q - +2 hat
rElec   +          Harm     .   s - +0 cloak {rCorr}
rCorr   +          Rampage  .   m - +3 pair of gloves of a wizard's laboratory {rC++ Will+}
Will    ++...                   P - +2 pair of boots {Fly}
Stlth   ..........              r - amulet of regeneration
HPRegen 0.00/turn               K - +6 ring of strength
MPRegen 0.17/turn               I - ring of Udotemost {rPois rC+ rN+ Int+4 Slay+3}

@: about to teleport, marked, sick, flying, hasted, unable to read, very quick
A: horns 2, retaliatory headbutt, [no potion heal 2], [inability to read while
threatened]
}: 2/15 runes: serpentine, barnacled
a: Renounce Religion, Heroism, Finesse, Duel


You were on level 3 of the Abyss.
You worshipped Okawaru.
Okawaru was exalted by your worship.
You visited 6 branches of the dungeon, and saw 32 of its levels.
You visited the Abyss 1 time.
You also visited: Ossuary, Bailey and Ice Cave.

You collected 3485 gold pieces.
You spent 2662 gold pieces at shops.

Inventory:

Hand Weapons
 a - the +10 long sword of the Unkillable (weapon) {flame, *Corrode rElec rF+++ Str-2}
   (You found it on level 3 of the Lair of Beasts)

   It burns those it strikes, dealing additional fire damage.
   Big, fiery blades are also staple armaments of hydra-hunters.
   Str:       It affects your strength (-2).
   rF:        It renders you almost immune to fire.
   rElec:     It insulates you from electricity.
   *Corrode:  It may corrode you when you take damage.
 b - a +2 demon blade of freezing
 c - a +2 vorpal double sword
Armour
 f - a +2 kite shield of reflection (worn)
 m - the +3 pair of gloves of a wizard's laboratory (worn) {rC++ Will+}
   (You acquired it on level 3 of the Abyss)

   rC:        It greatly protects you from cold.
   Will:      It increases your willpower.
 s - a +0 cloak of preservation (worn)
 M - the +10 storm dragon scales "Itoneasa" (worn) {rElec rPois Stlth+}
   (You bought it in a shop on level 4 of the Dungeon)

   rElec:     It insulates you from electricity.
   rPois:     It protects you from poison.
   Stlth:     It makes you more stealthy.
 P - a +2 pair of boots of flying (worn)
 Q - a +2 hat (worn)
 U - the +3 pair of gloves of Immorality {rPois}
   (Okawaru gifted it to you on level 6 of the Lair of Beasts)

   rPois:     It protects you from poison.
 Z - a +0 kite shield of resistance
Jewellery
 l - the ring of Yendor {rF++ rN+ Dex+3 Stlth+}
   (You acquired it on level 3 of the Abyss)

   [ring of positive energy]

   Dex:       It affects your dexterity (+3).
   rF:        It greatly protects you from fire.
   rN:        It protects you from negative energy.
   Stlth:     It makes you more stealthy.
 r - an amulet of regeneration (around neck)
 C - a ring of protection from cold
 I - the ring of Udotemost (right hand) {rPois rC+ rN+ Int+4 Slay+3}
   (You found it in an ice cave)

   [ring of positive energy]

   Int:       It affects your intelligence (+4).
   Slay:      It affects your accuracy & damage with ranged weapons and melee
   (+3).
   rC:        It protects you from cold.
   rPois:     It protects you from poison.
   rN:        It protects you from negative energy.
 K - a +6 ring of strength (left hand)
 R - the ring of Opiux {rElec rN++ MP+9 Dex+6}
   (You took it off a merfolk on level 4 of the Shoals)

   [ring of dexterity]

   Dex:       It affects your dexterity (+6).
   rElec:     It insulates you from electricity.
   rN:        It greatly protects you from negative energy.
   MP:        It affects your magic capacity (+9).
Wands
 e - a wand of flame (13)
 k - a wand of iceblast (8)
 L - a wand of digging (1)
Scrolls
 h - 6 scrolls of magic mapping
 i - a scroll of enchant weapon
 n - 4 scrolls of teleportation
 p - a scroll of fear
 q - 4 scrolls of noise
 u - a scroll of blinking
 y - 5 scrolls of immolation
Potions
 d - 5 potions of might
 g - 4 potions of invisibility
 j - 2 potions of mutation
 o - 2 potions of curing
 A - a potion of berserk rage
 F - 6 potions of haste
 N - 2 potions of resistance
 Y - a potion of heal wounds


   Skills:
 + Level 19.9 Fighting
 + Level 20.4 Long Blades
 + Level 2.6 Axes
 + Level 17.5 Armour
 + Level 10.1 Dodging
 + Level 3.0 Stealth
 + Level 24.0 Shields
 + Level 3.4 Invocations
 + Level 2.2 Evocations


You had 18 spell levels left.
You didn't know any spells.
Your spell library contained the following spells:

 Spells                   Type           Power      Damage    Failure   Level
 Apportation              Tloc           0%         N/A       80%         1
 Foxfire                  Conj/Fire      0%         2x1d4     80%         1
 Magic Dart               Conj           0%         1d3       80%         1
 Pain                     Necr           0%         1d4       80%         1
 Slow                     Hex            0%         N/A       80%         1
 Static Discharge         Conj/Air       0%         N/A       90%         2
 Confusing Touch          Hex            0%         N/A       99%         3
 Conjure Flame            Conj/Fire      0%         6-21      99%         3
 Gell's Gravitas          Tloc           0%         N/A       99%         3
 Ignite Poison            Fire/Tmut/Pois 0%         N/A       99%         3
 Inner Flame              Hex/Fire       0%         N/A       99%         3
 Lesser Beckoning         Tloc           0%         N/A       99%         3
 Mephitic Cloud           Conj/Pois/Air  0%         N/A       99%         3
 Teleport Other           Tloc           0%         N/A       99%         3
 Vampiric Draining        Necr           0%         2d6       99%         3
 Flame Wave               Conj/Fire      0%         2d4       100%        4
 Fulminant Prism          Conj/Hex       0%         3d6       100%        4
 Hailstorm                Conj/Ice       0%         3d3       100%        4
 Ice Form                 Ice/Tmut       0%         N/A       100%        4
 Iskenderun's Mystic Bla  Conj/Tloc      0%         2d3       100%        4
 Freezing Cloud           Conj/Ice/Air   0%         6-21      100%        5
 Lee's Rapid Deconstruct  Erth           0%         3d5*      100%        5
 Lightning Bolt           Conj/Air       0%         1d11      100%        5
 Yara's Violent Unravell  Hex/Tmut       0%         3d3       100%        5
 Dispersal                Tloc           0%         N/A       100%        6
 Eringya's Noxious Bog    Tmut/Pois      0%         N/A       100%        6
 Enfeeble                 Hex            0%         N/A       100%        7
 Disjunction              Tloc           0%         N/A       100%        8
 Maxwell's Capacitive Co  Air            0%         ∞         100%        8
 Animate Skeleton         Necr           Unusable   N/A       N/A         1
 Summon Small Mammal      Summ           Unusable   N/A       N/A         1
 Call Imp                 Summ           Unusable   N/A       N/A         2
 Summon Forest            Summ/Tloc      Unusable   N/A       N/A         5
 Simulacrum               Ice/Necr       Unusable   N/A       N/A         6
 Haunt                    Necr/Summ      Unusable   N/A       N/A         7
 Summon Hydra             Summ           Unusable   N/A       N/A         7

Dungeon Overview and Level Annotations

Branches:
Dungeon (15/15)            Temple (0/1) D:6            Lair (6/6) D:9
 Shoals (4/4) Lair:3        Snake (4/4) Lair:3        Slime (0/5) Lair:5
    Orc (2/2) D:9             Elf (0/3) Orc:2        Vaults (1/5) D:14
 Depths (0/4) D:15        Ossuary (visited)          Bailey (visited)
  IceCv (visited)

Altars:
Cheibriados
Dithmenos
Elyvilon
Fedhas
Gozag
Hepliaklqana
Okawaru
Ru
Uskayaw
Wu Jian
Xom
Yredelemnul
Jiyva
Lugonu

Shops:
D:4 ?:[   D:11 :   Orc:1 *   Orc:2 *[=(   Snake:1 *   Snake:2 :   Snake:3 !
Snake:4 *[[[

Portals:
Abyss: Lair:6 Snake:1

Annotations:
Lair:6 Casa
Snake:1 2 transporters, Atelerd's ghost, journeyman OpEE


Innate Abilities, Weirdness & Mutations

You have a pair of horns on your head.
You reflexively headbutt those who attack you in melee.
[Potions cannot restore your health.]
[You sometimes lose the ability to read scrolls when taking damage.]


Message History

You slice the worldbinder!! You burn the worldbinder.
You destroy the worldbinder!
That felt strangely unrewarding.
The bog body disappears in a puff of smoke!
The goliath frog disappears in a puff of smoke!
You block the thrashing horror's attack. x2
The thrashing horror tramples you but does no damage. x2
Unknown command.
You closely miss the small abomination.
You headbutt the small abomination, but do no damage.
The small abomination is heavily damaged.
You block the small abomination's attack.
The thrashing horror barely misses you.
You block the thrashing horror's attack.
The thrashing horror tramples you but does no damage. x2
The chaos spawn gores the thrashing horror!
The thrashing horror is destroyed!
The chaos spawn hits itself but does no damage.
A starcursed mass splits.
You slash the small abomination! You burn the small abomination.
You headbutt the small abomination.
You destroy the small abomination!
That felt strangely unrewarding.
The thrashing horror tramples you.
* * * LOW HITPOINT WARNING * * *
You hold your ground!
You block the thrashing horror's attack.
Okay, then.
You have no ailments to cure.
Unknown command.
Unknown command.
You slash the thrashing horror! You burn the thrashing horror.
Your headbutt misses the thrashing horror.
The thrashing horror is moderately damaged.
You block the thrashing horror's attack.
The thrashing horror tramples you but does no damage. x2
You block the thrashing horror's attack.
A small abomination comes into view.
You feel ill. You block the starcursed mass's attack.
A deafening chorus of shrieks assaults your mind!
You die...

. . .. . .. .
...### # .
.#.#.. . .# #
#..#.#§######.
. . . ....Xw..
## # . x*X..#
.. .#XX#x#
..#.#@X4§# #..
.##X### ##. ..


XXX# ......... #X#.# # ## # .. .#X#.# #...... ..# # ###. # ### . ###. You could
see 7 starcursed masses, a tentacled starspawn, a wretched star, an ancient zyme
(paralysed), 3 thrashing horrors, a chaos spawn (confused), a small abomination
and a starspawn tentacle.

Vanquished Creatures
  Vashnia (Snake:4)
  A lich (IceCv)
  Polyphemus (Shoals:3)
  The ghost of CryoSword the Carver, an adept DsIE of Kikubaaqudgha (Shoals:3)
  A tengu reaver (Vaults:1)
  A shadow dragon (Vaults:1)
  Kirke (Snake:4)
  Aizul (Snake:4)
  4 nagarajas (Snake:4)
  2 vault wardens (Vaults:1)
  3 orc warlords
  2 ghouls (D:13)
  2 ironbound preservers (Vaults:1)
  A shard shrike simulacrum (Abyss:3)
  A very ugly thing (Vaults:1)
  3 ironbound thunderhulks (Vaults:1)
  A stone giant (Vaults:1)
  A deep elf demonologist (Vaults:1)
  A deep elf annihilator (Vaults:1)
  9 dire elephants (Vaults:1)
  An entropy weaver (Vaults:1)
  An ettin (Vaults:1)
  Snorg (Orc:1)
  4 merfolk javelineers
  A merfolk impaler (Shoals:4)
  A deep elf high priest (Vaults:1)
  Josephine (Orc:1)
  A fire dragon (D:15)
  A great orb of eyes (Abyss:3)
  10 hydras
  Harold (D:8)
  Fannar (D:10)
  15 naga warriors
  2 yaktaur captains (Vaults:1)
  3 caustic shrike simulacra (IceCv)
  4 salamander tyrants (Snake:4)
  6 boulder beetles
  7 vault guards
  Erica (Orc:1)
  3 alligator snapping turtles
  4 merfolk avatars
  5 centaur warriors
  2 catoblepae
  10 anacondas
  6 merfolk aquamancers
  8 two-headed ogres
  An ironbound frostheart (Vaults:1)
  4 satyrs
  A dancing weapon (Shoals:3)
  10 death yaks
  2 tengu warriors (D:13)
  Urug (Lair:6)
  14 thrashing horrors
  3 orc high priests
  6 shock serpents
  13 naga sharpshooters
  A wretched star (Abyss:3)
  A fire crab (shapeshifter) (D:15)
  A skeletal warrior (D:13)
  A sixfirhy (Abyss:3)
  15 slime creatures (Vaults:1)
  12 starcursed masses (Abyss:3)
  15 sea snakes
  An orb spider (Abyss:3)
  5 salamander mystics
  An obsidian statue (IceCv)
  9 naga ritualists
  3 ironbound convokers (Vaults:1)
  2 bog bodies (IceCv)
  3 necromancers
  A phantasmal warrior (Vaults:1)
  5 wizards
  2 lindwurms (Vaults:1)
  Pikel (D:6)
  7 orc knights
  The ghost of CryoSword the Cleaver, a novice DsFi of Ashenzari (D:6)
  5 harpies (Shoals:3)
  A wolf spider (Lair:5)
  14 mana vipers
  5 orc sorcerers
  15 manticores
  25 fauns
  14 salamanders
  10 ugly things
  2 worldbinders (Abyss:3)
  4 cyclopes
  Maurice (D:9)
  A black mamba (shapeshifter) (Lair:6)
  22 naga magi
  6 guardian serpents
  3 vault sentinels (Vaults:1)
  An apocalypse crab (Abyss:3)
  11 elephants
  2 water nymphs
  38 black mambas
  3 torpor snails
  A cane toad (shapeshifter) (Lair:6)
  12 cane toads
  6 merfolk sirens
  A gargoyle (D:11)
  4 smoke demons
  5 rime drakes
  3 ice devils (IceCv)
  18 freezing wraiths (IceCv)
  Maggie (D:7)
  2 tengu conjurers (D:13)
  9 yaktaurs
  3 anaconda simulacra (IceCv)
  18 komodo dragons
  3 kobold demonologists (D:11)
  5 ancient zymes
  A golden dragon simulacrum (IceCv)
  24 merfolk
  3 meliai (D:12)
  2 burning bushes (Lair:6)
  6 large abominations (Abyss:3)
  6 trolls
  3 polar bears
  2 hornets
  20 blink frogs
  Prince Ribbit (Lair:2)
  9 wind drakes
  26 dream sheep
  11 snapping turtles
  A jumping spider (Vaults:1)
  2 shadows
  A ynoxinul (Abyss:3)
  A culicivora (shapeshifter) (Lair:6)
  A centaur simulacrum (D:15)
  A spriggan (Lair:6)
  13 water elementals
  3 wyverns
  25 yaks
  A yak (shapeshifter) (D:15)
  7 wraiths
  3 dire elephant simulacra (IceCv)
  3 hogs (Snake:4)
  19 humans (D:14)
  10 basilisks
  A neqoxec (Abyss:3)
  A minotaur simulacrum (IceCv)
  2 redbacks (Vaults:1)
  6 vampire mosquitoes
  2 chaos spawn (Lair:6)
  Menkaure (D:4)
  13 small abominations
  2 harpy simulacra (IceCv)
  49 nagas
  2 wargs
  3 acid dragons
  3 hydra simulacra (IceCv)
  23 water moccasins
  A black bear (shapeshifter) (D:15)
  2 sky beasts
  2 black bears
  A meliai simulacrum (D:15)
  6 alligator simulacra (IceCv)
  34 orc warriors
  12 ogres
  2 necrophages (Lair:4)
  39 wolves
  A hornet zombie (D:15)
  4 boggarts (D:13)
  16 centaurs
  A phantom (D:5)
  2 lemures (D:6)
  6 kobold brigands
  2 elf zombies (Ossuary)
  13 bullfrogs
  5 gnoll sergeants
  2 deep troll simulacra (IceCv)
  4 scorpions
  6 killer bees (D:9)
  A lindwurm simulacrum (IceCv)
  3 howler monkeys
  4 electric eels
  14 centaur zombies
  12 orc priests
  6 hounds
  Crazy Yiuf (D:3)
  2 bullfrog skeletons (D:6)
  4 jellies
  An iron imp (Abyss:3)
  19 orc wizards
  5 iguanas
  A killer bee zombie (D:8)
  7 mummies
  A howler monkey skeleton (D:5)
  8 adders
  6 gnolls
  A shadow imp (Abyss:3)
  A white imp (D:7)
  2 ufetubi (D:5)
  An adder skeleton (D:4)
  2 adder zombies (Ossuary)
  A worm (D:3)
  6 dart slugs
  65 orcs
  6 ball pythons
  6 endoplasms
  2 giant cockroaches (D:2)
  12 goblins
  10 hobgoblins
  4 jackals (D:1)
  2 quokkas (D:1)
  4 bats
  2 frilled lizards
  9 hobgoblin zombies (Ossuary)
  13 kobolds
  9 kobold zombies (Ossuary)
  9 orc zombies (Ossuary)
  6 rats
  2 rat zombies (Ossuary)
  9 bushes (Lair:6)
  A butterfly (Lair:6)
  A plant (Shoals:4)
1309 creatures vanquished.

Vanquished Creatures (others)
  A merfolk aquamancer (Shoals:1)
  A thrashing horror (Abyss:3)
  A manticore (Shoals:1)
  An orc (Orc:1)
  A bush (Lair:6)
  2 demonic plants (D:3)
  48 fungi
  180 plants
  A starspawn tentacle (Abyss:3)
  3 withered plants
239 creatures vanquished.

Grand Total: 1548 creatures vanquished

Notes
Turn   | Place    | Note
-------+----------+-------------------------------------------
     0 | D:1      | Peloso the Minotaur Fighter began the quest for the Orb.
     0 | D:1      | Reached XP level 1. HP: 19/19 MP: 0/0
   236 | D:1      | Reached XP level 2. HP: 15/27 MP: 1/1
   436 | D:1      | Reached skill level 4 in Shields
   815 | D:1      | Reached skill level 1 in Dodging
  1258 | D:2      | Reached XP level 3. HP: 33/33 MP: 2/2
  2123 | D:3      | Reached XP level 4. HP: 32/40 MP: 3/3
  2311 | D:3      | Found a runed translucent door.
  2312 | D:3      | Noticed Crazy Yiuf
  2482 | D:3      | Found a faded altar of an unknown god.
  2809 | D:4      | Found Fiblur's Magic Scroll Shoppe.
  2816 | D:4      | Bought a scroll of identify for 22 gold pieces
  2842 | D:4      | Got the Collected Works on Unholy Rites
  2850 | D:4      | Identified the ring of the Lizard {Fire rElec}
  2859 | D:4      | Found an iron altar of Okawaru.
  2898 | D:4      | Found a sand-covered staircase.
  2914 | Ossuary  | Entered an ossuary
  3090 | Ossuary  | Reached XP level 5. HP: 46/46 MP: 4/4
  3097 | Ossuary  | Reached skill level 5 in Long Blades
  3106 | Ossuary  | Reached XP level 6. HP: 37/53 MP: 5/5
  3324 | D:4      | Reached XP level 7. HP: 60/60 MP: 6/6
  3345 | D:4      | Became a worshipper of Warmaster Okawaru
  3358 | D:4      | Found Rynof's Book Boutique.
  3373 | D:4      | Noticed Menkaure
  3483 | D:4      | Killed Menkaure
  3484 | D:4      | Reached skill level 5 in Armour
  3507 | D:4      | Reached skill level 5 in Fighting
  3665 | D:4      | Found Viusugi's Armour Boutique.
  3856 | D:4      | Found a hide-covered altar of Uskayaw.
  4110 | D:5      | Entered Level 5 of the Dungeon
  4311 | D:5      | Found an ornate altar of the Wu Jian Council.
  4324 | D:5      | Reached XP level 8. HP: 60/69 MP: 7/7
  4448 | D:5      | Reached * piety under Okawaru
  4449 | D:5      | Reached skill level 5 in Shields
  4855 | D:5      | Found a basalt altar of Yredelemnul.
  4885 | D:5      | Found an opulent altar of Gozag.
  5824 | D:6      | Noticed Pikel
  5836 | D:6      | Killed Pikel
  5836 | D:6      | Reached ** piety under Okawaru
  5837 | D:6      | Reached skill level 10 in Long Blades
  5837 | D:6      | Reached XP level 9. HP: 75/78 MP: 5/8
  5883 | D:6      | Found a staircase to the Ecumenical Temple.
  5940 | D:6      | Found a runed translucent door.
  5945 | D:6      | Noticed CryoSword's ghost (novice DsFi)
  6294 | D:7      | Reached *** piety under Okawaru
  6580 | D:7      | Noticed Maggie
  6633 | D:7      | Killed Maggie
  6666 | D:7      | Found a snail-covered altar of Cheibriados.
  6827 | D:8      | Reached skill level 6 in Shields
  6881 | D:8      | Found a shimmering altar of Xom.
  7084 | D:8      | Noticed Harold
  7100 | D:8      | Killed Harold
  7100 | D:8      | Reached **** piety under Okawaru
  7101 | D:8      | Reached skill level 1 in Invocations
  7101 | D:8      | Reached XP level 10. HP: 70/86 MP: 7/9
  7502 | D:8      | Found a white marble altar of Elyvilon.
  8085 | D:9      | Noticed Maurice
  8102 | D:9      | Paralysed by something for 4 turns
  8108 | D:9      | Killed Maurice
  8128 | D:9      | Found a flagged portal.
  8152 | Bailey   | Entered a bailey
  8364 | Bailey   | Reached ***** piety under Okawaru
  8367 | Bailey   | Reached skill level 10 in Armour
  8708 | D:9      | Paralysed by a hornet for 3 turns
  8716 | D:9      | Paralysed by a hornet for 2 turns
  8786 | D:9      | Found a staircase to the Orcish Mines.
  8842 | D:9      | Reached skill level 7 in Shields
  8879 | D:9      | Received a gift from Okawaru
  8887 | D:9      | Reached XP level 11. HP: 97/97 MP: 11/11
  9127 | D:9      | Found a staircase to the Lair.
  9300 | D:9      | Found a sacrificial altar of Ru.
  9565 | D:9      | Found a faded altar of an unknown god.
  9566 | D:9      | Found a hazy altar of Hepliaklqana.
  9643 | D:10     | Entered Level 10 of the Dungeon
  9690 | D:10     | Found a shadowy altar of Dithmenos.
  9763 | D:10     | Noticed a two-headed ogre
  9767 | D:10     | Killed a two-headed ogre
  9996 | D:10     | Noticed a two-headed ogre
 10002 | D:10     | Killed a two-headed ogre
 10004 | D:10     | Noticed Fannar
 10018 | D:10     | Killed Fannar
 10019 | D:10     | Reached skill level 1 in Stealth
 10019 | D:10     | Reached skill level 8 in Shields
 10143 | D:10     | Found a blossoming altar of Fedhas.
 10305 | Orc:1    | Entered Level 1 of the Orcish Mines
 10305 | Orc:1    | Noticed Erica
 10305 | Orc:1    | Noticed Josephine
 10377 | Lair:1   | Entered Level 1 of the Lair of Beasts
 10543 | Lair:1   | Reached skill level 1 in Evocations
 10853 | Lair:1   | Reached skill level 10 in Fighting
 10867 | Lair:1   | Found the +4 skin of Zhor {*Englaciate rC+++ SInv}
 11596 | Lair:2   | Reached XP level 12. HP: 70/108 MP: 13/13
 11603 | Lair:2   | Reached skill level 9 in Shields
 11709 | Lair:2   | Noticed Prince Ribbit
 11748 | Lair:2   | Killed Prince Ribbit
 11748 | Lair:2   | Received a gift from Okawaru
 12523 | Lair:3   | Reached skill level 10 in Shields
 12532 | Lair:3   | Found a staircase to the Snake Pit.
 12854 | Lair:3   | Received a gift from Okawaru
 12910 | Lair:3   | Noticed a five-headed hydra
 12927 | Lair:3   | Killed a one-headed hydra
 13195 | Lair:3   | Reached skill level 1 in Axes
 13209 | Lair:3   | Identified the +10 long sword of the Unkillable {flame,
                  | *Corrode rElec rF+++ Str-2}
 13229 | Lair:3   | Reached skill level 11 in Shields
 13304 | Lair:3   | Found a staircase to the Shoals.
 13561 | Lair:4   | Reached skill level 15 in Long Blades
 13749 | Lair:4   | Noticed a boulder beetle
 13749 | Lair:4   | You are sucked into a shaft and drop 1 floor!
 13774 | Lair:5   | Noticed a six-headed hydra
 13781 | Lair:5   | Killed a three-headed hydra
 13784 | Lair:5   | Noticed a catoblepas
 13794 | Lair:5   | Killed a catoblepas
 13795 | Lair:5   | Reached XP level 13. HP: 119/119 MP: 11/14
 13890 | Lair:4   | Reached ****** piety under Okawaru
 13890 | Lair:4   | Identified the -1 pair of gloves "Innochal" {Harm Str+2
                  | Dex+3} (Okawaru gifted it to you on level 4 of the Lair of
                  | Beasts)
 13890 | Lair:4   | Received a gift from Okawaru
 14574 | D:11     | Reached skill level 12 in Shields
 14657 | D:11     | Found Piehuec's Book Shop.
 14707 | D:11     | You are sucked into a shaft and drop 3 floors!
 14767 | D:14     | Found a frozen archway.
 14794 | IceCv    | Entered an ice cave
 15186 | IceCv    | Found an ancient bone altar of Kikubaaqudgha.
 15352 | IceCv    | Reached skill level 5 in Dodging
 15795 | IceCv    | Reached skill level 13 in Shields
 16338 | IceCv    | Noticed a lich
 16396 | IceCv    | Killed a lich
 16396 | IceCv    | Received a gift from Okawaru
 16609 | IceCv    | Identified the ring of Udotemost {rPois rC+ rN+ Int+4
                  | Slay+3}
 17048 | D:13     | Noticed a ghoul
 17081 | D:13     | Killed a ghoul
 17130 | D:13     | Reached XP level 14. HP: 128/129 MP: 15/15
 17189 | D:12     | Reached skill level 14 in Shields
 17879 | D:4      | Bought the +10 storm dragon scales "Itoneasa" {rElec rPois
                  | Stlth+} for 1286 gold pieces
 18108 | D:11     | Identified the +2 cloak of Sloth {rElec rC- Int+2} (Okawaru
                  | gifted it to you on level 11 of the Dungeon)
 18108 | D:11     | Received a gift from Okawaru
 19256 | Orc:1    | Killed Erica
 19261 | Orc:1    | Killed Josephine
 19333 | Orc:1    | Noticed an orc warlord
 19347 | Orc:1    | Noticed an orc warlord
 19348 | Orc:1    | Killed an orc warlord
 19379 | Orc:1    | Killed an orc warlord
 19685 | Orc:1    | Found Xeotytte's CLEARANCE SALE!.
 19754 | Orc:2    | Entered Level 2 of the Orcish Mines
 20146 | Orc:2    | Found a staircase to the Elven Halls.
 20689 | Orc:1    | Reached skill level 15 in Shields
 21031 | Orc:2    | Paralysed by an orc sorcerer for 3 turns
 21059 | Orc:2    | Received a gift from Okawaru
 21158 | Orc:2    | Found Vequgug's Weapon Emporium.
 21158 | Orc:2    | Found Itiresol's Jewellery Boutique.
 21160 | Orc:2    | Found Feyfauna's Armour Emporium.
 21160 | Orc:2    | Found Fuboem's General Store.
 21169 | Orc:2    | Bought a scroll of magic mapping for 56 gold pieces
 21169 | Orc:2    | Bought a potion of curing for 48 gold pieces
 21306 | Orc:1    | Noticed Snorg
 21316 | Orc:1    | Killed Snorg
 21748 | Lair:5   | Identified the +7 quarterstaff of Termination {holy, rF+
                  | rC+ Int+3 Dex+9} (Okawaru gifted it to you on level 5 of
                  | the Lair of Beasts)
 21748 | Lair:5   | Received a gift from Okawaru
 21835 | Lair:5   | Reached XP level 15. HP: 130/139 MP: 16/16
 22185 | Lair:5   | Reached skill level 15 in Fighting
 22185 | Lair:5   | Reached skill level 16 in Shields
 22293 | Lair:5   | Found a runed translucent door.
 22293 | Lair:5   | Found a viscous altar of Jiyva.
 22294 | Lair:5   | Found a staircase to the Slime Pits.
 22692 | Lair:6   | Entered Level 6 of the Lair of Beasts
 22731 | Lair:6   | Identified the +9 crystal plate armour of Eternal Vigilance
                  | {Harm rPois Str-2 SInv} (Okawaru gifted it to you on level
                  | 6 of the Lair of Beasts)
 22731 | Lair:6   | Received a gift from Okawaru
 22755 | Lair:6   | Reached skill level 15 in Armour
 22863 | Lair:6   | Noticed Urug
 22873 | Lair:6   | Killed Urug
 23268 | Lair:6   | Identified a scroll of acquirement
 23468 | Lair:6   | Reached skill level 17 in Shields
 23657 | Lair:6   | Identified the +3 pair of gloves of Immorality {rPois}
                  | (Okawaru gifted it to you on level 6 of the Lair of Beasts)
 23657 | Lair:6   | Received a gift from Okawaru
 23942 | Lair:6   | Found a corrupted altar of Lugonu.
 23942 | Lair:6   | Found a one-way gate to the infinite horrors of the Abyss.
 23947 | Lair:6   | Identified the +1 hand axe of Fixation {holy, Will+}
 25134 | D:14     | Reached XP level 16. HP: 151/151 MP: 17/17
 25328 | D:14     | Found a gate to the Vaults.
 25355 | D:14     | Reached skill level 18 in Shields
 25673 | D:15     | Entered Level 15 of the Dungeon
 25856 | D:15     | Found an iron altar of Okawaru.
 26427 | D:15     | Found a staircase to the Depths.
 26918 | Snake:1  | Entered Level 1 of the Snake Pit
 27021 | Snake:1  | Identified the +9 long sword of Linearity {freeze, rPois
                  | rC+ rN+++ Str-5} (Okawaru gifted it to you on level 1 of
                  | the Snake Pit)
 27021 | Snake:1  | Received a gift from Okawaru
 27203 | Snake:1  | Noticed Atelerd's ghost (journeyman OpEE)
 27213 | Snake:1  | Noticed a tentacled starspawn
 27259 | Snake:1  | Found a transporter.
 27264 | Snake:1  | Noticed a tentacled monstrosity
 27371 | Snake:1  | Identified the +7 hand crossbow of the Three Leylines
                  | {penet, *Corrode rF+ Int+6}
 27463 | Snake:1  | Found Pujoival's Neck Hole.
 27782 | Snake:1  | Found a transporter.
 27909 | Snake:1  | Reached skill level 19 in Shields
 28499 | D:3      | Killed Crazy Yiuf
 28611 | D:6      | Killed CryoSword's ghost
 29172 | Snake:2  | Received a gift from Okawaru
 29821 | Snake:2  | Found Fyownaot's Self-Improvement Boutique.
 30352 | Shoals:1 | Entered Level 1 of the Shoals
 30404 | Shoals:1 | Reached XP level 17. HP: 126/161 MP: 18/18
 30411 | Shoals:1 | Identified the +1 ring mail of Zeiwk {Will+++ Dex+9 Slay-2}
                  | (Okawaru gifted it to you on level 1 of the Shoals)
 30411 | Shoals:1 | Received a gift from Okawaru
 30437 | Shoals:1 | Reached skill level 20 in Shields
 32368 | Shoals:3 | Found a runed translucent door.
 32375 | Shoals:3 | Found a shimmering altar of Xom.
 32375 | Shoals:3 | Noticed CryoSword's ghost (adept DsIE)
 32556 | Shoals:3 | Noticed Polyphemus
 32597 | Shoals:3 | Killed Polyphemus
 32647 | Shoals:3 | Received a gift from Okawaru
 32648 | Shoals:3 | Reached skill level 21 in Shields
 33360 | Shoals:3 | Killed CryoSword's ghost
 33384 | Shoals:4 | Entered Level 4 of the Shoals
 33962 | Shoals:4 | Identified the +2 mace of Strategic Superiority {flame, rC+
                  | rN+ Will+ Dex-2}
 34153 | Shoals:4 | Got a barnacled rune of Zot
 34218 | Shoals:4 | Received a gift from Okawaru
 34356 | Shoals:4 | Reached XP level 18. HP: 168/172 MP: 19/19
 34375 | Shoals:4 | Identified the ring of Opiux {rElec rN++ MP+9 Dex+6}
 34911 | Snake:3  | Reached skill level 22 in Shields
 35135 | Snake:3  | Found Feczaets's Distillery.
 35176 | Snake:3  | Bought a potion of mutation for 112 gold pieces
 35176 | Snake:3  | Bought a potion of heal wounds for 70 gold pieces
 35176 | Snake:3  | Bought a potion of invisibility for 112 gold pieces
 35176 | Snake:3  | Bought a potion of haste for 140 gold pieces
 35176 | Snake:3  | Bought a potion of haste for 140 gold pieces
 36205 | D:4      | Bought a scroll of acquirement for 572 gold pieces
 36205 | D:4      | Bought a scroll of blinking for 82 gold pieces
 36205 | D:4      | Bought a scroll of fog for 22 gold pieces
 36986 | Snake:4  | Entered Level 4 of the Snake Pit
 37270 | Snake:4  | Found Adaegoqo's Antique Armour Emporium.
 37336 | Snake:4  | Found Guzxut's Armour Shop.
 37653 | Snake:4  | Identified the +3 long sword of Qaonnu {freeze, MP+9 Str+3}
                  | (Okawaru gifted it to you on level 4 of the Snake Pit)
 37653 | Snake:4  | Received a gift from Okawaru
 37872 | Snake:4  | HP: 6/174 [naga sharpshooter/arrow (16)]
 38209 | Snake:4  | Noticed Vashnia
 38258 | Snake:4  | Killed Vashnia
 38463 | Snake:4  | Identified the +1 robe of Incorporation {rPois rF+}
 38566 | Snake:4  | Noticed Aizul
 38584 | Snake:4  | Killed Aizul
 38709 | Snake:4  | Noticed Kirke
 38710 | Snake:4  | Found Idicus's General Store.
 38782 | Snake:3  | HP: 7/176 [black mamba (12)]
 39086 | Snake:4  | Got a serpentine rune of Zot
 39154 | Snake:4  | Found Ulluujy's Armour Boutique.
 39190 | Snake:4  | Reached skill level 23 in Shields
 39219 | Snake:4  | Killed Kirke
 39324 | Snake:4  | Received a gift from Okawaru
 40275 | Vaults:1 | Entered Level 1 of the Vaults
 40612 | Vaults:1 | Reached XP level 19. HP: 120/183 MP: 20/20
 40669 | Vaults:1 | Reached skill level 10 in Dodging
 41049 | Vaults:1 | Received a gift from Okawaru
 41302 | Vaults:1 | Reached skill level 24 in Shields
 41532 | Vaults:1 | Cast into level 3 of the Abyss (a deep elf sorcerer)
 41533 | Abyss:3  | Acquired the ring of Yendor {rF++ rN+ Dex+3 Stlth+}
 41537 | Abyss:3  | Acquired the +3 pair of gloves of a wizard's laboratory
                  | {rC++ Will+}
 41567 | Abyss:3  | Paralysed by a great orb of eyes for 4 turns
 41789 | Abyss:3  | Paralysed by accursed screaming for 2 turns
 41989 | Abyss:3  | Paralysed by accursed screaming for 1 turns
 42001 | Abyss:3  | HP: 7/184 [thrashing horror (4)]
 42002 | Abyss:3  | Killed from afar by a starcursed mass

Illustrated notes

Levels and vault maps discovered:
D:1:      ncdulo_wetmaze, layout_basic, serial_park_tiny_pond,
          minmay_misc_feat_chi, kennysheep_decorative_pillar
D:2:      layout_basic
D:3:      layout_basic, shapermc_ecumenical_altar_gd, uniq_crazy_yiuf_cottage
D:4:      layout_basic, nicolae_uskayaw_suspiria, lemuel_tele_altar,
          gup_ossuary_entry_pyramid, serial_shops, shop,
          nicolae_shop_advertising_works [nicolae_subvault_shop_adworks],
          shop_scrolls, uniq_menkaure
D:5:      layout_loops_corners, mainiacjoe_overflow_paths,
          nicolae_gozag_seed_capital, lemuel_doored_altar, dk_rats_in_the_wall
D:6:      wad_lake_hut, layout_rooms, minmay_temple_entry_statues_fountains,
          ebering_ghost_reflecting_pool, st_stairs_5, uniq_pikel
D:7:      layout_rooms, marbit_many_paths, uniq_maggie
D:8:      layout_basic, kennysheep_mini_moat, xom_teletrap_fun,
          serial_co_window_serial, co_window_paths_a, co_window_paths_a,
          co_window_corner_a, co_window_corner_a, co_window_of_opportunity_a,
          co_window_broadway_b, co_window_corner_ca, co_window_broadway_b,
          co_window_corner_b, co_window_corner_b, co_window_paths_c,
          co_window_4corner_b, glass_columns_c, glass_columns_a,
          glass_columns_a, uniq_harold
D:9:      layout_loops_ring, beargit_hepliaklqana_dungeon_heroes,
          nicolae_ru_path_of_blood, grunt_lair_entry_orc_guard_hut,
          kennysheep_orc_monster_closet_entryway, enter_bailey_4,
          minmay_unpleasant_kobolds, uniq_maurice
D:10:     layout_cave_pools, grunt_dithmenos_smoke_and_mirrors,
          lemuel_coloured_pillars_altar, skrybe_limestone_x,
          hangedman_decor_peaks_small, nicolae_wwwww, corexii_checkpoint_a,
          uniq_fannar
D:11:     layout_loops_corners, serial_shops, shop
D:12:     layout_loops_ring
D:13:     layout_roguey, serial_undead, serial_undead_f, serial_undead_d,
          serial_undead_f, serial_undead_f
D:14:     layout_loops_ring, grunt_vaults_entry_tiered,
          portal_ice_cave_entry_pillars_four, st_stairs_12
D:15:     grunt_enter_depths_magical_seal, layout_basic, okawaru_trees_2
Lair:1:   layout_cave_pods, chequers_serial_rivers_large_a,
          hellmonk_guarded_unrand_zhor
Lair:2:   beast_lair_carwin_large_4, layout_regular_city, st_stairs_11,
          uniq_prince_ribbit2
Lair:3:   layout_regular_city, minmay_shoals_entry_lonely_mermaid,
          minmay_snake_entry_six_corridors, beast_lair_carwin_7
Lair:4:   layout_cave_pods, roderic_carrion_pond
Lair:5:   nzn_winding_woodlands_stair_trap [nzn_winding_woodlands_5x15_sawtooth,
          nzn_winding_woodlands_5x15_split_checker,
          nzn_winding_woodlands_5x15_longhouse,
          nzn_winding_woodlands_15x15_boxy_spiral,
          nzn_winding_woodlands_5x15_zeroes,
          nzn_winding_woodlands_5x15_pathside_ponds,
          nzn_winding_woodlands_5x15_cabin], layout_misc_corridors,
          slime_altar_2, infiniplex_staircase_pool
Lair:6:   hellmonk_lair_end_abyssal_woods, layout_hall_layers, evilmike_ambush
          [evilmike_ambush_outer_corners, evilmike_ambush_inner_cross],
          lemuel_fruit_fields, uniq_urug
Shoals:1: layout_shoals, nicolae_shoals_aquamancer_cove
Shoals:2: layout_shoals, nicolae_shoals_shepherds
Shoals:3: layout_shoals, ebering_ghost_xom, nicolae_shoals_loop_pool,
          uniq_polyphemus
Shoals:4: shoals_end_grunt_garden, layout_shoals
Snake:1:  layout_chambers, gammafunk_ghost_abyssal_escape,
          nicolae_snake_gridmaze_big_u, nicolae_shop_sticking_my_neck_out
Snake:2:  layout_basic, grunt_ministairs_13, nrook_loot_triangle,
          nicolae_shop_self_help
Snake:3:  layout_layer_cave, serial_shops, nicolae_shop_trees
Snake:4:  johnstein_snake_rune_scales, layout_gridlike, serial_shops, shop,
          shop, nicolae_snake_lava_pool, serial_bayou_shore_a, minmay_shoptagon,
          uniq_aizul, uniq_kirke
Orc:1:    layout_caves, nicolae_shop_clearance, uniq_snorg, uniq_erica,
          uniq_josephine
Orc:2:    grunt_orc_tribal_feast, layout_caves
Vaults:1: nicolae_vaults_three_branches, nicolae_vaults_network_quinsquares
          [nicolae_vaults_network_quincunx_subvault,
          nicolae_vaults_network_quincunx_subvault,
          nicolae_vaults_network_quincunx_subvault,
          nicolae_vaults_network_quincunx_subvault], ontoclasm_vaults_eye,
          v_rooms_6, nicolae_vaults_disjoint_gnomons, hangedman_vaults_trim,
          st_greater_box_5, v_alt_pattern_1, layout_vaults_maze
Abyss:3:  base:
D:15

Skill      XL: |  1  2  3  4  5  6  7  8  9 10 11 12 13 14 15 16 17 18 19 |
---------------+----------------------------------------------------------+-----
Shields        | 4 5 6 7 8 11 13 15 17 19 21 23 24 | 24.0
Dodging        | 1 2 4 5 6 7 8 9 10 | 10.1
Armour         | 4 5 7 9 10 11 12 13 14 15 16 17 | 17.5
Long Blades    | 3 4 5 7 8 10 11 13 14 15 16 17 18 19 20 | 20.4
Fighting       | 4 5 6 7 9 10 12 13 14 16 17 18 19 | 19.9
Invocations    | 1 2 3 |  3.4
Stealth        | 1 2 3 |  3.0
Evocations     | 1 2 |  2.2
Axes           | 2 |  2.6

Action                   |  1- 3 |  4- 6 |  7- 9 | 10-12 | 13-15 | 16-18 | 19-21 || total
-------------------------+-------+-------+-------+-------+-------+-------+-------++-------
Melee: Long sword        |    99 |   120 |   319 |   920 |  1299 |  1560 |   371 ||  4688
       Headbutt          |    13 |    25 |    67 |   195 |   330 |   439 |   121 ||  1190
       Broad axe         |       |       |       |     7 |       |       |       ||     7
       Unarmed           |       |       |       |       |       |     1 |       ||     1
Invok: Heroism           |       |       |     6 |    13 |    10 |     3 |     5 ||    37
Evoke: Wand              |       |       |       |    12 |       |       |       ||    12
  Use: Scroll            |     3 |     4 |     3 |     7 |    16 |     8 |     5 ||    46
       Potion            |     2 |     1 |     1 |       |     3 |     9 |     1 ||    17
Armor: Scale mail        |    63 |    51 |    39 |       |   145 |       |       ||   298
       Chain mail        |       |       |   110 |    14 |       |       |       ||   124
       Plate armour      |       |       |       |   486 |    49 |       |       ||   535
       Storm dragon scal |       |       |       |       |   455 |   735 |   242 ||  1432
Dodge: Dodged            |    67 |    49 |   127 |   257 |   441 |   555 |   184 ||  1680
Block: Buckler           |    24 |    23 |    60 |    69 |       |       |       ||   176
       Kite shield       |       |       |       |   369 |   668 |  1226 |   401 ||  2664
       Tower shield      |       |       |       |       |   292 |   271 |       ||   563
       Reflection        |       |       |       |       |       |   226 |    11 ||   237
